 Dungeon Crawl Stone Soup version 0.21-a0-426-g98080a9 (webtiles) character file.

127 nikopol the Firebug (level 4, 0/36 HPs)
             Began as a Deep Elf Fire Elementalist on Nov 7, 2017.
             Succumbed to a worker ant's poison
             ... on level 2 of the Dungeon.
             The game lasted 00:05:23 (1637 turns).

nikopol the Firebug (Deep Elf Fire Elementalist)    Turns: 1637, Time: 00:05:24

Health: 0/36       AC: 22    Str:  5    XL:     4   Next: 85%
Magic:  12/12      EV:  2    Int: 21    God:
Gold:   77         SH:  0    Dex: 15    Spells: 5/11 levels left

rFire    . . .     SeeInvis .   e - +0 dagger
rCold    . . .     Gourm    .   (no shield)
rNeg     + + +     Faith    .   (armour currently unavailable)
rPois    +         Spirit   .   (helmet currently unavailable)
rElec    .         Reflect  .   (cloak currently unavailable)
rCorr    .         Harm     .   (gloves currently unavailable)
MR       .....     NoTele   +   (boots currently unavailable)
Stlth    ++........             (no amulet)
HPRegen  0.12/turn              (no ring)
MPRegen  0.13/turn              (no ring)

@: lethally poisoned (0 -> -12), tree-form
A: no striking features
a: no special abilities


You were on level 2 of the Dungeon.
You were not hungry.
You were a tree.
You visited 1 branch of the dungeon, and saw 2 of its levels.

You collected 77 gold pieces.

Inventory:

Hand Weapons
 e - a +0 dagger (weapon)
Armour
 a - a +0 robe (melded)
Scrolls
 f - a scroll of remove curse {unknown}
 g - 4 scrolls of identify {unknown}
 i - a scroll of teleportation {unknown}
 j - a scroll of magic mapping {unknown}
 l - 2 scrolls of blinking {unknown}
 m - 3 scrolls of recharging {unknown}
Books
 b - a book of Flames

   Spells                             Type                      Level
   a - Flame Tongue                   Conjuration/Fire             1
   b - Throw Flame                    Conjuration/Fire             2
   c - Conjure Flame                  Conjuration/Fire             3
   d - Inner Flame                    Hexes/Fire                   3
   e - Sticky Flame                   Conjuration/Fire             4
   f - Fireball                       Conjuration/Fire             5
Comestibles
 c - a bread ration
 k - 2 meat rations


   Skills:
 + Level 0.1 Fighting
 + Level 0.1 Short Blades
 + Level 2.9 Dodging
 + Level 2.7 Stealth
 + Level 4.1 Spellcasting
 + Level 2.2 Conjurations
 + Level 4.8 Fire Magic


You had 5 spell levels left.
You knew the following spells:

 Your Spells              Type           Power        Failure   Level  Hunger
a - Flame Tongue          Conj/Fire      ###..        2%          1    None
b - Throw Flame           Conj/Fire      ###...       4%          2    #......
c - Conjure Flame         Conj/Fire      ###.....     9%          3    ###....


Dungeon Overview and Level Annotations

Branches:
Dungeon (2/15)

Altars:
Uskayaw


Message History

* * * LOW HITPOINT WARNING * * *
You are more poisoned.
The worker ant poisons you! The worker ant bites you.
* * * LOW HITPOINT WARNING * * *
Casting: Flame Tongue
Confirm with . or Enter, or press ? or * to list all spells.
Aiming: Flame Tongue
Press: ? - help, Shift-Dir - straight line, f/p - worker ant
Aim: a worker ant (almost dead)
The flame tongue hits the worker ant.
You kill the worker ant!
Your Spellcasting skill increases to level 4!
* * * LOW HITPOINT WARNING * * *
You feel sick.
It was a potion of lignification.
You turn into a tree.
Your +0 robe melds into your body.
Your roots penetrate the ground.
* * * LOW HITPOINT WARNING * * *
You feel sick. The goblin hits you but does no damage.
It was a potion of magic.
Magic courses through your body.
You die...

#.####.## # #####.##....##
###............ #.#
#.............##.#.# #
..#............ #.#
#..#_#.........####.####
#...#..#.##....##......#
#........##.....#......#
#.......rg♣.....#......####
###########................
#......>.....####
#....(.#)..######
#......#.#.......
#.........#######
#.........+......
#.........#######
#.........#######


You could see a goblin and a rat.

Vanquished Creatures
  An iguana (D:2)
  A worker ant (D:2)
  4 adders (D:2)
  2 worms (D:2)
  2 dart slugs (D:1)
  A leopard gecko (D:1)
  4 bats
  2 giant cockroaches (D:2)
  5 hobgoblins
  A quokka (D:2)
  A ball python (D:2)
  3 frilled lizards
  4 goblins
  4 kobolds
  A rat (D:1)
36 creatures vanquished.

Notes
Turn   | Place    | Note
-------+----------+-------------------------------------------
     0 | D:1      | nikopol the Deep Elf Fire Elementalist began the quest for the Orb.
     0 | D:1      | Reached XP level 1. HP: 10/10 MP: 6/6
   261 | D:1      | Reached XP level 2. HP: 15/15 MP: 0/8
   272 | D:1      | Learned a level 2 spell: Throw Flame
   817 | D:2      | Reached XP level 3. HP: 19/19 MP: 5/9
   822 | D:2      | Learned a level 3 spell: Conjure Flame
  1219 | D:2      | Found a hide-covered altar of Uskayaw.
  1379 | D:2      | Reached XP level 4. HP: 20/24 MP: 3/11
  1616 | D:2      | Found a faded altar of an unknown god.
  1636 | D:2      | HP: 1/36 [poisoned by a worker ant]
  1637 | D:2      | Succumbed to a worker ant's poison

Vault maps used:
D:1:      tarquinn_simple_flora_water_b, corexii_leaking_fountain
D:2:      overflow_temple_1_default, yredelemnul_forgotten_temple_becter,
          chequers_ecumenical_altar_simple

Skill      XL: |  1  2  3  4 |
---------------+-------------+-----
Fire Magic     | 4 |  4.8
Conjurations   | 2 |  2.2
Spellcasting   | 4 |  4.1
Fighting       | |  0.1
Short Blades   | |  0.1
Dodging        | |  2.9
Stealth        | |  2.7

Action                   |  1- 3 |  4- 6 || total
-------------------------+-------+-------++-------
Melee: Dagger            |    20 |       ||    20
 Cast: Flame Tongue      |    75 |    25 ||   100
       Conjure Flame     |       |     1 ||     1
  Use: Potion            |       |     2 ||     2
  Eat: Chunk             |     1 |     1 ||     2
Armor: Robe              |     9 |       ||     9
       Skin              |       |     1 ||     1
Dodge: Dodged            |    56 |     2 ||    58

Table legend:
 A = Spawn XP
 B = Non-spawn XP
 C = Spawn XP percentage of total XP
 D = Spawn monster count
 E = Non-spawn monster count
 F = Spawn count percentage of total count
 G = Total turns spent on level
                    A         B        C        D         E        F      G
               +---------+---------+-------+---------+---------+-------+---------
         Total |       0 |     182 |   0.0 |       0 |      36 |   0.0 |  1637
               +---------+---------+-------+---------+---------+-------+---------
           D:1 |       0 |      27 |   0.0 |       0 |      13 |   0.0 |   805
           D:2 |       0 |     155 |   0.0 |       0 |      23 |   0.0 |   832
               +---------+---------+-------+---------+---------+-------+---------
